AoeStats
← Baladin

Oasis

509665918Analyzed
4v4 RM · 5d ago on Sep 27, 2026· 34m 4s· 8 players
Game mode
Random Map
Map size
Large (8 player)
Population
200
Speed
Normal
Resources
Standard
Victory
Conquest
Starting age
Dark Age
Ending age
Imperial Age
RankedLock teamsTeams togetherTeam positionsShared explorationLock speedFull tech treeHidden civsTurbo modeCheats
Victory
Defeat
🇫🇮 Lithuanians · Finland
1386
+16
🇺🇸 Maya · United States
1365
+17
🇧🇷 Magyars · Brazil
1361
+17
🇫🇷 Japanese · France
1305
+20
🇭🇰 Khmer · Hong Kong SAR China
1423
-19
🇯🇵 Franks · Japan
1395
-18
🇮🇳 Mongols · India
1383
-17
🇬🇷 Georgians · Greece
1360
-16
Papiz96
7:19 Loom
9:41 Feudal Age
10:16 Double-Bit Axe
11:07 Horse Collar
16:35 Wheelbarrow
19:34 Castle Age
20:02 Light Cavalry
21:23 Bow Saw
25:15 Bloodlines
27:26 Scale Barding Armor
27:32 Forging
27:51 Husbandry
28:00 Stone Mining
29:37 Chain Barding Armor
31:00 Hand Cart
31:11 Hand Cart
33:40 Imperial Age
34:13 Imperial Age
32:02 Gold Mining
32:47 Heavy Plow
Theoden_King
6:56 Loom
9:14 Feudal Age
9:53 Double-Bit Axe
14:40 Horse Collar
21:09 Castle Age
21:39 Fletching
25:02 Bodkin Arrow
27:31 Ballistics
27:45 Padded Archer Armor
28:47 Thumb Ring
29:25 Bow Saw
33:08 Wheelbarrow
虫
9:55 Feudal Age
10:02 Loom
12:37 Double-Bit Axe
19:47 Castle Age
18:36 Padded Archer Armor
18:23 Horse Collar
18:51 Gold Mining
19:22 Fletching
20:06 Crossbowman
22:32 Gold Shaft Mining
22:33 Heavy Plow
24:34 Wheelbarrow
27:47 Bow Saw
29:17 Ballistics
29:39 Leather Archer Armor
29:19 Bodkin Arrow
32:01 Hand Cart
31:49 Stone Mining
31:51 Town Watch
35:59 Imperial Age
ggmax
6:26 Loom
9:33 Feudal Age
10:10 Double-Bit Axe
13:38 Forging
20:27 Castle Age
21:19 Bow Saw
22:07 Wheelbarrow
22:06 Husbandry
24:48 Scale Barding Armor
26:10 Chain Barding Armor
Baladin
12:07 Feudal Age
12:21 Loom
20:36 Castle Age
19:07 Horse Collar
19:12 Double-Bit Axe
23:58 Pikeman
29:52 Scale Mail Armor
29:57 Arson
33:41 Wheelbarrow
7777777
10:17 Feudal Age
14:01 Castle Age
12:09 Horse Collar
12:43 Double-Bit Axe
15:45 Gold Mining
16:13 Loom
23:18 Wheelbarrow
24:36 Scale Barding Armor
24:42 Forging
25:07 Bow Saw
29:24 Imperial Age
27:35 Hand Cart
27:51 Bloodlines
27:53 Heavy Plow
29:10 Husbandry
29:46 Cavalier
30:59 Chain Barding Armor
31:14 Iron Casting
Karzul
6:45 Loom
8:58 Feudal Age
9:51 Double-Bit Axe
9:46 Horse Collar
18:53 Wheelbarrow
22:09 Castle Age
21:57 Bloodlines
21:53 Scale Barding Armor
22:13 Light Cavalry
23:58 Chain Barding Armor
24:26 Heavy Plow
24:58 Gold Mining
25:20 Bow Saw
29:58 Husbandry
33:27 Hand Cart
SeaPig
0:29 Loom
9:36 Feudal Age
10:41 Double-Bit Axe
11:38 Horse Collar
15:38 Wheelbarrow
19:17 Castle Age
20:17 Bow Saw
22:20 Heavy Plow
22:49 Town Watch
23:42 Hand Cart
28:01 Scale Mail Armor
28:00 Treadmill Crane
31:18 Imperial Age
29:23 Fletching
30:44 Forging
30:52 Bodkin Arrow
31:44 Chain Mail Armor
31:17 Eagle Warrior
32:19 Bracer
33:31 Chemistry
33:46 Padded Archer Armor
34:16 Plate Mail Armor
34:22 Iron Casting
Connection lost

Rejoining the realm…

Still unreachable

The connection could not be restored.

Session expired

The server has moved on; the page needs a fresh start.